 Dungeon Crawl Stone Soup version 0.26-a0-612-gd4d190f45e (webtiles) character file.

Game seed: 1142862607559316771

8523 Gottschkopf the Grappler (level 11, -15/99 HPs)
             Began as a Purple Draconian Transmuter on Sept 9, 2020.
             Was an Elder of Sif Muna.
             Killed by the air
             ... invoked by Gastronok
              (29 damage)
             ... on level 1 of the Lair of Beasts.
             The game lasted 00:39:41 (9339 turns).

Gottschkopf the Grappler (DrTm)                     Turns: 9339, Time: 00:39:42

Health: -15/99     AC: 11    Str: 12    XL:     11   Next: 11%
Magic:  10/18      EV: 14    Int: 18    God:    Sif Muna [****..]
Gold:   612        SH:  0    Dex: 11    Spells: 2/20 levels left

rFire    . . .     SeeInvis .     - Unarmed
rCold    . . .     Faith    .   (shield currently unavailable)
rNeg     . . .     Spirit   .   (armour unavailable)
rPois    .         Reflect  .   k - +1 hat
rElec    .         Harm     .   n - scarf {repulsion}
rCorr    .                      (gloves currently unavailable)
MR       +....                  x - +2 pair of boots
Stlth    ++........             f - amulet of regeneration
HPRegen  0.66/turn              w - +4 ring of slaying
MPRegen  0.16/turn              y - ring of stealth

@: blade hands, wereblooded, repel missiles
A: breathe power, unfitting armour, cold-blooded, AC +7
a: Breathe Dispelling Energy, End Transformation, Channel Magic, Forget Spell,
Divine Exegesis, Renounce Religion


You were on level 1 of the Lair of Beasts.
You worshipped Sif Muna.
Sif Muna was greatly pleased with you.
You had blades for hands.
You visited 3 branches of the dungeon, and saw 11 of its levels.
You also visited: Sewer.

You collected 612 gold pieces.

Inventory:

Hand Weapons
 d - a +2 flail of holy wrath
 q - a +2 vorpal falchion
Armour
 k - a +1 hat (worn)
 n - a scarf of repulsion (worn)
 x - a +2 pair of boots (worn)
Jewellery
 f - an amulet of regeneration (around neck)
 p - an uncursed amulet of reflection
 w - a +4 ring of slaying (left scythe-like blade)
 y - a ring of stealth (right scythe-like blade)
 z - an uncursed ring of see invisible
 F - an uncursed ring of protection from fire {unknown}
Wands
 A - a wand of disintegration (13)
 E - a wand of random effects (46)
 G - a wand of iceblast (8)
 H - a wand of acid (11)
Scrolls
 a - 5 scrolls of teleportation {unknown}
 i - 3 scrolls of amnesia
 m - a scroll of vulnerability {unknown}
 r - 7 scrolls of remove curse
 t - 4 scrolls of magic mapping
 v - 2 scrolls of noise {unknown}
 B - 2 scrolls of identify
 C - 2 scrolls of enchant weapon {unknown}
 I - a scroll of random uselessness {unknown}
 J - a scroll of fog
Potions
 b - 3 potions of invisibility
 c - 3 potions of brilliance {unknown}
 e - 8 potions of heal wounds
 g - 2 potions of flight
 h - 3 potions of mutation {unknown}
 j - a potion of magic {unknown}
 l - 4 potions of curing
 o - 2 potions of haste {unknown}
 s - 2 potions of stabbing {unknown}
 u - 3 potions of lignification
 D - a potion of ambrosia {unknown}
 K - a potion of degeneration {unknown}
 L - a potion of experience {unknown}


   Skills:
 - Level 10.0 Fighting
 + Level 4.7 Dodging
 - Level 10.0 Unarmed Combat
 - Level 5.0 Spellcasting
 - Level 3.0 Hexes
 - Level 9.1 Transmutations
 - Level 1.2 Poison Magic


You had 2 spell levels left.
You knew the following spells:

 Your Spells              Type           Power        Failure   Level
a - Blade Hands           Tmut           #####.....   43%         5
b - Spider Form           Tmut/Pois      ###.......   32%         3
c - Wereblood             Tmut           #####...     12%         2
d - Confusing Touch       Hex            ###.....     50%         3
e - Beastly Appendage     Tmut           #####.       10%         1
f - Ice Form              Ice/Tmut       ###.....     63%         4

Your spell library contained the following spells:

 Spells                   Type           Power        Failure   Level
 Animate Skeleton         Necr           #.....       52%         1
 Freeze                   Ice            #...         52%         1
 Pain                     Necr           #...         52%         1
 Petrify                  Tmut/Erth      ###.....     63%         4
 Yara's Violent Unravell  Hex/Tmut       ####......   73%         5
 Frozen Ramparts          Ice            #.....       78%         3
 Gell's Gravitas          Tloc           #.........   78%         3
 Ozocubu's Armour         Ice            #.......     78%         3
 Vampiric Draining        Necr           #.........   78%         3
 Animate Dead             Necr           #.........   98%         4
 Hailstorm                Conj/Ice       #.......     98%         4
 Summon Ice Beast         Ice/Summ       #.......     98%         4
 Metabolic Englaciation   Hex/Ice        #.........   99%         5
 Agony                    Necr           #.......     100%        5


Dungeon Overview and Level Annotations

Branches:
Dungeon (9/15)             Temple (1/1) D:5            Lair (1/6) D:9
    Orc (0/2) D:9           Sewer (visited)

Altars:
Ashenzari
Elyvilon
Fedhas
Gozag
Kikubaaqudgha
Makhleb
Nemelex Xobeh
Okawaru
Sif Muna
Uskayaw
Vehumet
Wu Jian
Zin

Shops:
D:5 }   D:6 [

Annotations:
Lair:1 Gastronok


Innate Abilities, Weirdness & Mutations

You can breathe bolts of dispelling energy.
Your rich purple scales are hard. (AC +7)
You cannot fit into any form of body armour.
You are cold-blooded and may be slowed by cold attacks.


Message History

You hit Gastronok but do no damage. You slash Gastronok, but do no damage.
Your scythe-like blades stop glowing.
You slice Gastronok!!
Gastronok is moderately wounded.
You slash Gastronok!
Gastronok is moderately wounded.
Gastronok bites you but does no damage.
You slice Gastronok!!
Gastronok is moderately wounded.
You slice Gastronok!!
Gastronok is heavily wounded.
Gastronok bites you!!
* * * LOW HITPOINT WARNING * * *
You slash Gastronok!
Gastronok is heavily wounded.
You slice Gastronok!!
Gastronok is severely wounded.
Gastronok waves his eye-stalks in wide circles.
The air twists around and strikes you!!
You die...

######P ...... #..... ..
#.#P.# #.. #..... #.#
k#P#.#..#######.#
.............##.#####
###.##.#.#.........##
#.@####.##.#..#.###
#.#.##.w###......#.#...
..........>...#.##.#.###
#.##..#####..#..###.#.#
.......[.......###..##
##########.######..##
#.# #..# #.# ##.# #.##
#.#


You could see Gastronok.

Vanquished Creatures
  A two-headed ogre (D:9)
  Pikel (D:5)
  A black mamba (Lair:1)
  Grinder (D:3)
  Prince Ribbit (D:5)
  5 blink frogs (Lair:1)
  6 yaks
  Sigmund (D:3)
  A basilisk (Lair:1)
  Duvessa (D:5)
  A water moccasin (D:5)
  6 black bears
  A porcupine (D:9)
  An orc warrior (D:9)
  A sky beast (D:7)
  4 ice beasts
  An ogre (D:9)
  4 crocodiles
  2 wolves (D:9)
  3 centaurs
  A gnoll sergeant (D:7)
  6 bullfrogs
  2 scorpions
  Dowan (D:5)
  2 howler monkeys
  5 wights (D:8)
  A centaur zombie (D:7)
  2 quasits
  9 hounds
  3 jellies
  A centaur skeleton (D:6)
  2 orc wizards
  4 orc priests
  Crazy Yiuf (D:3)
  4 bullfrog skeletons
  4 iguanas
  7 worker ants
  Natasha (twice) (D:3)
  A hound zombie (D:8)
  A hound skeleton (D:7)
  Robin (D:3)
  17 gnolls
  9 adders
  A river rat (D:3)
  An ufetubus (D:6)
  An ooze (D:1)
  An adder skeleton (D:6)
  2 worms (D:3)
  2 dart slugs
  5 leopard geckos
  29 orcs
  3 ball pythons
  4 giant cockroaches
  10 goblins
  10 hobgoblins
  25 jackals
  2 quokkas
  7 bats
  7 frilled lizards
  7 kobolds
  A leopard gecko skeleton (D:6)
  A quokka skeleton (D:6)
  8 rats
256 creatures vanquished.

Vanquished Creatures (others)
  3 fungi
  18 plants
21 creatures vanquished.

Grand Total: 277 creatures vanquished

Notes
Turn   | Place    | Note
-------+----------+-------------------------------------------
     0 | D:1      | Gottschkopf the Draconian Transmuter began the quest for
                  | the Orb.
     0 | D:1      | Reached XP level 1. HP: 16/16 MP: 3/3
   207 | D:1      | Reached XP level 2. HP: 20/23 MP: 3/5
   754 | D:1      | Reached XP level 3. HP: 22/28 MP: 6/6
   759 | D:1      | Learned a level 3 spell: Spider Form
  1602 | D:2      | Found a faded altar of an unknown god.
  1766 | D:3      | Reached skill level 1 in Poison Magic
  1766 | D:3      | Reached XP level 4. HP: 15/35 MP: 0/7
  2145 | D:3      | Found a glowing drain.
  2149 | Sewer    | Entered a sewer
  2242 | Sewer    | Noticed a crocodile
  2257 | Sewer    | Killed a crocodile
  2257 | Sewer    | Reached XP level 5. HP: 16/40 MP: 5/8
  2474 | D:3      | Reached skill level 5 in Transmutations
  2687 | D:3      | Reached XP level 6. HP: 46/47 MP: 7/9
  2716 | D:3      | Noticed Natasha
  2733 | D:3      | Killed Natasha
  2806 | D:3      | Reached skill level 5 in Unarmed Combat
  3110 | D:3      | Noticed Grinder
  3115 | D:3      | Paralysed by Grinder for 3 turns
  3122 | D:3      | Killed Grinder
  3122 | D:3      | Your scales start taking on a rich purple colour.
  3122 | D:3      | Reached XP level 7. HP: 50/59 MP: 8/10
  3165 | D:3      | Learned a level 2 spell: Wereblood
  3190 | D:3      | Noticed Natasha
  3196 | D:3      | Killed Natasha
  3286 | D:3      | Noticed Sigmund
  3306 | D:3      | Killed Sigmund
  3513 | D:3      | Noticed Robin
  3524 | D:3      | Killed Robin
  3693 | D:3      | Found a runed translucent door.
  3694 | D:3      | Noticed Crazy Yiuf
  3700 | D:3      | Killed Crazy Yiuf
  4522 | D:4      | Learned a level 3 spell: Confusing Touch
  4571 | D:5      | Entered Level 5 of the Dungeon
  4584 | D:5      | Noticed Prince Ribbit
  4587 | D:5      | Found a staircase to the Ecumenical Temple.
  4596 | D:5      | Killed Prince Ribbit
  4596 | D:5      | Reached XP level 8. HP: 66/66 MP: 8/11
  4603 | Temple   | Entered the Ecumenical Temple
  4617 | Temple   | Became a worshipper of Sif Muna the Loreminder
  4760 | D:5      | Found Ymainni's Gadget Shop.
  4904 | D:5      | Noticed Pikel
  4911 | D:5      | Killed Pikel
  5068 | D:5      | Noticed Dowan
  5071 | D:5      | Noticed Duvessa
  5086 | D:5      | Killed Dowan
  5086 | D:5      | Reached skill level 10 in Unarmed Combat
  5086 | D:5      | Reached XP level 9. HP: 58/71 MP: 3/12
  5095 | D:5      | Killed Duvessa
  5243 | D:5      | Reached * piety under Sif Muna
  5732 | D:6      | Found Xeedgh's Armour Boutique.
  6223 | D:6      | Found an iron altar of Okawaru.
  6467 | D:7      | Reached ** piety under Sif Muna
  6716 | D:7      | You fall into a shaft and drop 2 floors!
  6716 | D:9      | Found a staircase to the Lair.
  6821 | D:7      | Learned a level 5 spell: Blade Hands
  7474 | D:8      | Reached XP level 10. HP: 78/78 MP: 10/17
  7626 | D:8      | Reached skill level 5 in Spellcasting
  7784 | D:8      | Found a burning altar of Makhleb.
  7926 | D:9      | Found a blossoming altar of Fedhas.
  7927 | D:9      | Found a hide-covered altar of Uskayaw.
  7930 | D:9      | Found a radiant altar of Vehumet.
  7936 | D:9      | Found a white marble altar of Elyvilon.
  7936 | D:9      | Found an iron altar of Okawaru.
  7945 | D:9      | Reached skill level 5 in Fighting
  7966 | D:9      | Reached *** piety under Sif Muna
  8306 | D:9      | Found a staircase to the Orcish Mines.
  8306 | D:9      | Noticed a two-headed ogre
  8324 | D:9      | Killed a two-headed ogre
  9018 | Lair:1   | Entered Level 1 of the Lair of Beasts
  9038 | Lair:1   | Reached skill level 10 in Fighting
  9038 | Lair:1   | Noticed a black mamba
  9044 | Lair:1   | Killed a black mamba
  9044 | Lair:1   | Reached **** piety under Sif Muna
  9050 | Lair:1   | Learned a level 4 spell: Ice Form
  9127 | Lair:1   | Reached XP level 11. HP: 72/99 MP: 13/18
  9314 | Lair:1   | Noticed Gastronok
  9339 | Lair:1   | Killed from afar by Gastronok

Illustrated notes

Levels and vault maps discovered:
D:1:      wander_arrival_lonely_grave, layout_loops_corners
D:2:      layout_rooms, chequers_ecumenical_altar_simple, serial_glass,
          glass_columns_b, glass_columns_a
D:3:      layout_basic, gup_sewer_entry_spiral, hangedman_decor_clover_reticule,
          eino_tiny_chamber, uniq_robin, uniq_crazy_yiuf_cottage, uniq_sigmund,
          uniq_grinder, uniq_natasha
D:4:      layout_loops_ring
D:5:      layout_gridville, minmay_temple_entry_mist, serial_shops,
          kennysheep_mini, uniq_pikel, uniq_prince_ribbit1, uniq_duvessa
D:6:      layout_basic, serial_shops, shop, serial_bayou_pond_e, minivault_19,
          kennysheep_okawaru_gauntlet
D:7:      layout_rooms, serial_park_tiny_1
D:8:      layout_cave_pools, lemuel_coloured_pillars_altar, centaur_isle
D:9:      layout_loops_cross, grunt_temple_overflow_open,
          minmay_lair_entry_grove, orc_0_dummy
Temple:   compressed_dpeg_circular_temple
Lair:1:   layout_loops_ring, uniq_gastronok

Skill      XL: |  1  2  3  4  5  6  7  8  9 10 11 |
---------------+----------------------------------+-----
Unarmed Combat | 4 5 7 10 | 10.0
Poison Magic   | 1 |  1.2
Transmutations | 4 5 9 |  9.1
Fighting       | 4 10 | 10.0
Hexes          | 2 3 |  3.0
Spellcasting   | 4 5 |  5.0
Dodging        | 3 4 |  4.7

Action                   |  1- 3 |  4- 6 |  7- 9 | 10-12 || total
-------------------------+-------+-------+-------+-------++-------
Melee: Unarmed           |    87 |   161 |   305 |   155 ||   708
       Headbutt          |    11 |     6 |    15 |       ||    32
       Kick              |    12 |    20 |    20 |       ||    52
       Tailslap          |     9 |    10 |    11 |    11 ||    41
       Punch             |     1 |     4 |     2 |     5 ||    12
       Flail             |       |     4 |       |       ||     4
 Cast: Beastly Appendage |    23 |    25 |    23 |       ||    71
       Spider Form       |       |     7 |    25 |       ||    32
       Wereblood         |       |       |    13 |    13 ||    26
       Blade Hands       |       |       |     6 |    17 ||    23
       Ice Form          |       |       |       |     1 ||     1
       Confusing Touch   |       |       |       |     1 ||     1
  Use: Scroll            |       |     1 |    11 |     1 ||    13
 Stab: Sleeping          |       |       |     2 |       ||     2
Armor: Skin              |    19 |    44 |    52 |    40 ||   155
Dodge: Dodged            |    57 |   117 |   349 |   101 ||   624
       Repelled          |       |       |     1 |     1 ||     2
       Rpst.: Falchion   |       |     1 |       |       ||     1

Table legend: (Time is in decaauts)
 A = Elapsed time spent in this place.
 B = Non-inter-level travel time spent in this place.
 C = Inter-level travel time spent in this place.
 D = Time resting spent in this place.
 E = Time spent auto-exploring this place.
 F = Levels seen in this place.
 G = Mean time per level.
                   A        B        C        D        E       F      G
               +--------+--------+--------+--------+--------+-----+--------+
         Total |   9293 |   9074 |    219 |    812 |   6077 |  12 |  774.4 |
       Dungeon |   8711 |   8492 |    219 |    628 |   5896 |   9 |  967.9 |
        Temple |     30 |     30 |      0 |      0 |      0 |   1 |   30.0 |
          Lair |    312 |    312 |      0 |    125 |     99 |   1 |  312.0 |
         Sewer |    238 |    238 |      0 |     59 |     81 |   1 |  238.0 |
               +--------+--------+--------+--------+--------+-----+--------+

Top non-repeatable levels by time:
     D:3: 1707 daAuts
     D:1: 1168 daAuts
     D:9: 1142 daAuts
     D:6: 980 daAuts
     D:5: 815 daAuts
     D:4: 799 daAuts
     D:8: 796 daAuts
     D:2: 677 daAuts
     D:7: 624 daAuts
  Lair:1: 312 daAuts
   Sewer: 238 daAuts
  Temple: 30 daAuts
